 Dungeon Crawl Stone Soup version 0.32-a0-975-g85d4e5bfdb (webtiles) character file.

Game seed: 820580632541676191

4511 ezpacito the Trooper (level 10, -2/77 HPs)
             Began as a Coglin Chaos Knight on Apr 19, 2024.
             Was a Plaything of Xom.
             Killed from afar by an iron dragon (49 damage)
             ... with a spray of metal splinters
             ... in a bailey.
             The game lasted 00:15:15 (7310 turns).

ezpacito the Trooper (Coglin Chaos Knight)          Turns: 7310, Time: 00:15:16

Health: -2/77      AC: 18    Str: 18    XL:     10   Next: 39%
Magic:  4/14       EV:  6    Int: 11    God:    Xom [*.....]
Gold:   429        SH:  0    Dex: 13    Spells: 14/15 levels left

rFire   + . .        a - +3 hand axe (chaos) {Jabu}
rCold   + + .        c - +0 spear (flame) {Tlaloc}
rNeg    . . .        f - +0 plate armour
rPois   +            j - +1 helmet
rElec   +            F - +1 cloak {Will+}
rCorr   +            (no gloves)
SInv    .            u - +0 pair of boots
Will    +....        (amulet unavailable) Stlth
                     (ring unavailable)
HPRegen 0.32/turn    (ring unavailable)
MPRegen 0.14/turn    (no gizmo)

%: no passive effects
@: resistant, invisible
A: off-hand wielding, slow wielding, warmup strikes, no jewellery, cold
resistance 1, screaming 1, wild magic 1, MP-powered wands, noise suppression
a: Invent Gizmo, Renounce Religion


You were in a bailey.
You worshipped Xom.
You were a special plaything of Xom.
You visited 2 branches of the dungeon, and saw 8 of its levels.
You also visited: Bailey.

You collected 429 gold pieces.

Inventory:

Hand Weapons
 a - a +3 hand axe of chaos (weapon) {Jabu}
 c - a +0 spear of flaming (offhand) {Tlaloc}
 l - a +1 whip of distortion
 r - a +0 broad axe
 x - a +0 broad axe
Missiles
 n - 12 poisoned darts (quivered)
 s - 3 boomerangs
Armour
 f - a +0 plate armour (worn)
 j - a +1 helmet (worn)
 m - a +0 chain mail
 o - +0 steam dragon scales
 u - a +0 pair of boots (worn)
 F - a +1 cloak of willpower (worn)
Talismans
 v - a storm talisman
Wands
 h - a wand of warping (1)
 y - a wand of charming (10)
 C - a wand of polymorph (6)
Scrolls
 e - 2 scrolls of revelation
 g - a scroll of fear
 t - 6 scrolls of teleportation
 z - 4 scrolls of amnesia
Potions
 b - a potion of brilliance
 i - a potion of magic
 k - a potion of attraction


   Skills:
 * Level 6.7 Fighting
 * Level 6.6(7.6) Axes
 * Level 5.1(6.4) Polearms
 * Level 5.5 Armour
 * Level 5.3 Dodging
 + Level 3.5 Stealth
 + Level 3.2 Spellcasting
 + Level 1.6 Ice Magic
 + Level 2.5 Evocations
 + Level 1.3 Shapeshifting


You had 14 spell levels left.
You knew the following spells:

 Your Spells              Type           Power      Damage    Failure   Level
a - Freeze                Ice            28%        1d5       99%         1

Your spell library contained the following spells:

 Spells                   Type           Power      Damage    Failure   Level
 Frozen Ramparts          Ice            14%        1d3       100%        3
 Hailstorm                Conj/Ice       4%         3d5       100%        3


Dungeon Overview and Level Annotations

Branches:
Dungeon (7/15)             Temple (1/1) D:5          Bailey (1/1)

Altars:
Ashenzari
Cheibriados
Elyvilon
Fedhas
Gozag
Kikubaaqudgha
Okawaru
Qazlal
Ru
Sif Muna
Trog
Wu Jian
Xom
Yredelemnul
Zin
The Shining One

Portals:
Abyss: D:5


Innate Abilities, Weirdness & Mutations

You can wield a second weapon in your off-hand.
It takes a long time for you to wield or remove held weapons.
Your first few attacks do less damage.
You cannot equip rings or amulets.
Your flesh is cold resistant. (rC+)
You occasionally shout uncontrollably at your foes.
Your spells are a little harder to cast, but a little more powerful.
You expend magic power (3 MP) to strengthen your wands.
You passively dampen the noise of your surroundings.


Message History

The orc warlord easily resists.
The orc warrior looks frightened!
The orc warrior screams, "Help!"
Aiming: Warp Space
Press: ? - help, Shift-Dir - straight line, p - orc warrior
Okay, then.
Aiming: Warp Space
Press: ? - help, Shift-Dir - straight line, f/p - orc warrior
Aim: an orc warrior, wielding a +0 war axe and wearing a +0 scale mail (heavily wounded, strong, fleeing, poisoned, chance to blink: 65%)
You feel a surge of power!
Space twists violently!
The rupture engulfs the orc warrior!!
You kill the orc warrior!
The rupture engulfs the orc warlord!!
The orc warlord blinks!
The orc warlord is lightly wounded.
Xom titters.
You are confused.
You now have 3/14 mp.
You fade into invisibility!
It was a potion of resistance.
You feel protected.
The orc warlord hits you with a +5 broad axe!
You take 13 damage, and have 46/77 hp.
You are too confused!
You hit the orc warlord but do no damage.
The orc warlord is lightly wounded.
You hit the orc warlord but do no damage.
The orc warlord is caught in a web! "Hum-dee-hum-dee-hum..."
The orc warlord evaporates and reforms as an iron dragon!
You are too confused!
Unknown command.
You are too confused!
Unknown command.
You bump into the stone wall.
You feel less confused.
The iron dragon tears the web.
The iron dragon breathes metal splinters at you.
The spray of metal splinters hits you!!!
Ouch! That really hurt!
You die...
Xom guffaws!

.###
...###.###.....### ##∆
.....###.........##
#∆∆
.....##ß..........#
#∆∆
.....)#ß..........#
#∆∆
.....)(o....⌠....∩#
#∆∆
......#ß..........#
#∆∆ .....
#ß.D........# ##∆ ...o
###.........## .###
...###.###@....###
...###.###.....#'#.###
.....###.........###
......#...........#
......#...........#
⌠.....#.....⌠.....#
..)...).....))....#
.)....#...........#
.....###.........##


You could see an iron dragon (catching breath) and an orc warrior (unable to see
you).

Vanquished Creatures
  The ghost of lucidstorm14 the Chopper, a novice MiBe of Trog (D:5)
  Pikel (D:5)
  Maurice (D:7)
  Sigmund (D:6)
  A water moccasin (D:5)
  11 orc warriors (Bailey)
  3 black bears
  2 ogres
  A lemure (D:5)
  A kobold brigand (D:6)
  A bullfrog (D:7)
  A howler monkey (D:4)
  A bombardier beetle (D:5)
  A quasit (D:5)
  An orc priest (D:7)
  3 hounds
  2 sleepcaps
  Crazy Yiuf (D:6)
  Terence (D:2)
  2 iguanas (D:6)
  2 orc wizards (D:3)
  Robin (D:2)
  15 gnolls
  7 adders
  A shadow imp (D:5)
  2 white imps (D:6)
  5 ufetubi
  2 dart slugs
  14 orcs
  5 ball pythons
  7 endoplasms
  A giant cockroach (D:1)
  18 goblins
  16 hobgoblins
  14 kobolds
  2 quokkas
  3 bats
  2 frilled lizards
  5 rats
159 creatures vanquished.

Vanquished Creatures (collateral kills)
  An orc knight (Bailey)
  2 gnolls (Bailey)
  2 orcs (Bailey)
5 creatures vanquished.

Vanquished Creatures (others)
  A dancing weapon (Bailey)
  Maggie (D:7)
  A gnoll (Bailey)
  An endoplasm zombie (D:1)
4 creatures vanquished.

Grand Total: 168 creatures vanquished

Notes
Turn   | Place    | Note
-------+----------+-------------------------------------------
     0 | D:1      | ezpacito the Coglin Chaos Knight began the quest for the
                  | Orb.
     0 | D:1      | Reached XP level 1. HP: 18/18 MP: 1/1
    74 | D:1      | XOM: potion effect (haste)
    80 | D:1      | Reached skill level 1 in Dodging
    85 | D:1      | Reached XP level 2. HP: 24/24 MP: 2/2
   195 | D:1      | XOM: divination: detect items
   719 | D:1      | XOM: give mutations
   719 | D:1      | Gained mutation: Your health recovers twice as slowly from
                  | being drained. [Xom's mischief]
   719 | D:1      | Gained mutation: Your magical capacity is low. (-10% MP)
                  | [Xom's mischief]
   719 | D:1      | Gained mutation: You occasionally shout uncontrollably at
                  | your foes. [Xom's mischief]
   719 | D:1      | Gained mutation: You are dopey. (Int -2) [Xom's mischief]
   944 | D:1      | Reached XP level 3. HP: 17/29 MP: 3/3
  1042 | D:2      | XOM: draining
  1062 | D:2      | Reached skill level 1 in Polearms
  1062 | D:2      | Reached XP level 4. HP: 30/31 MP: 4/4
  1077 | D:2      | XOM is BORED!
  1077 | D:2      | XOM: 2-stop teleportation journey
  1165 | D:2      | XOM: 2-stop teleportation journey
  1263 | D:2      | Noticed Robin
  1288 | D:2      | Killed Robin
  1371 | D:2      | XOM: give mutation
  1371 | D:2      | Lost mutation: Your health recovers twice as slowly from
                  | being drained. [Xom's mischief]
  1428 | D:2      | Noticed Terence
  1439 | D:2      | Killed Terence
  1440 | D:2      | Reached XP level 5. HP: 25/41 MP: 5/5
  1654 | D:3      | Reached skill level 1 in Stealth
  1667 | D:3      | Reached skill level 1 in Spellcasting
  1724 | D:2      | XOM: scenery: create altars
  1726 | D:2      | XOM: noise
  1858 | D:3      | Reached XP level 6. HP: 45/48 MP: 6/6
  2217 | D:3      | XOM: cloud trail
  2293 | D:3      | XOM: silly message
  2295 | D:3      | XOM: noise
  2557 | D:4      | XOM: 8-stop teleportation journey
  3264 | D:5      | Entered Level 5 of the Dungeon
  3274 | D:5      | Noticed Pikel
  3286 | D:5      | XOM: potion effect (berserk rage)
  3295 | D:5      | XOM: potion effect (invisibility)
  3298 | D:5      | Killed Pikel
  3299 | D:5      | Reached XP level 7. HP: 55/55 MP: 8/8
  3358 | D:5      | Reached XP level 8. HP: 61/61 MP: 9/9
  3472 | D:5      | Found an iron altar of Okawaru.
  3611 | D:5      | Found a staircase to the Ecumenical Temple.
  3621 | Temple   | Entered the Ecumenical Temple
  3681 | D:5      | Found a transporter.
  3688 | D:5      | Noticed lucidstorm14's ghost (novice MiBe)
  3689 | D:5      | Found a one-way gate to the infinite horrors of the Abyss.
  3704 | D:5      | Found a transporter.
  3758 | D:5      | Reached skill level 5 in Fighting
  3758 | D:5      | Reached skill level 5 in Axes
  4003 | D:5      | XOM: noise
  4211 | D:5      | XOM: cast spell 'Iskenderun's Battlesphere'
  4218 | D:5      | Killed lucidstorm14's ghost
  4219 | D:5      | Reached XP level 9. HP: 20/68 MP: 11/11
  4298 | D:5      | XOM: god gift: pink potion {god gift}
  4639 | D:6      | XOM: silly message
  4831 | D:6      | XOM: 1-stop teleportation journey
  4832 | D:6      | XOM: divination: detect items
  4848 | D:6      | XOM: summons 4 friendly demons
  5024 | D:6      | Noticed Sigmund
  5028 | D:6      | XOM: cast spell 'Alistair's Intoxication'
  5039 | D:6      | Killed Sigmund
  5145 | D:6      | Learned a level 1 spell: Freeze
  5194 | D:6      | XOM: smoke on damage
  5318 | D:6      | Found a runed translucent door.
  5319 | D:6      | Noticed Crazy Yiuf
  5414 | D:6      | Found a glowing golden altar of the Shining One.
  5455 | D:6      | Killed Crazy Yiuf
  5608 | D:6      | XOM: noise
  5656 | D:7      | Noticed Maggie
  5656 | D:7      | Noticed Maurice
  5656 | D:7      | Found a broken altar of Ashenzari.
  5664 | D:7      | XOM: repel stairs
  5666 | D:7      | XOM: smoke on damage
  5675 | D:7      | Your ally Maggie died
  5677 | D:7      | Something stole a storm talisman
  5681 | D:7      | Killed Maurice
  5682 | D:7      | Reached skill level 5 in Armour
  5682 | D:7      | Reached skill level 1 in Evocations
  5866 | D:7      | Found a shimmering blue altar of Sif Muna.
  5866 | D:7      | Found a flagged portal.
  5866 | D:7      | XOM: 8-stop teleportation journey
  5956 | D:7      | XOM: god gift: 34 gold pieces
  5988 | D:7      | XOM: give mutations
  5988 | D:7      | Gained mutation: Your flesh is cold resistant. (rC+) [Xom's
                  | mischief]
  5988 | D:7      | Lost mutation: Your magical capacity is low. (-10% MP)
                  | [Xom's mischief]
  6009 | D:7      | XOM: scenery: 1 doors close
  6060 | D:7      | XOM: cloud trail
  6092 | D:7      | XOM: give mutations
  6092 | D:7      | Gained mutation: You expend magic power (3 MP) to
                  | strengthen your wands. [Xom's grace]
  6092 | D:7      | Gained mutation: You passively dampen the noise of your
                  | surroundings. [Xom's grace]
  6092 | D:7      | Lost mutation: You are dopey. (Int -2) [Xom's grace]
  6092 | D:7      | Gained mutation: Your spells are a little harder to cast,
                  | but a little more powerful. [Xom's grace]
  6097 | Bailey   | Entered a bailey
  6115 | Bailey   | XOM: enchant monster (bad)
  6139 | Bailey   | Reached skill level 1 in Ice Magic
  6340 | Bailey   | Reached skill level 1 in Shapeshifting
  6341 | Bailey   | Reached skill level 5 in Dodging
  6341 | Bailey   | Reached XP level 10. HP: 24/77 MP: 14/14
  6525 | Bailey   | XOM: enchant monster (bad)
  6767 | Bailey   | Noticed an orc knight
  6806 | Bailey   | XOM: divination: detect items
  6808 | Bailey   | Killed an orc knight
  6809 | Bailey   | Reached skill level 5 in Polearms
  7071 | Bailey   | XOM: cast spell 'Alistair's Intoxication'
  7145 | Bailey   | XOM: summons 5 hostile demons
  7292 | Bailey   | Noticed an orc warlord
  7303 | Bailey   | XOM: confusion
  7308 | Bailey   | an orc warlord changed into an iron dragon
  7308 | Bailey   | Noticed an iron dragon
  7308 | Bailey   | XOM: polymorph orc warlord -> iron dragon
  7310 | Bailey   | Killed from afar by an iron dragon

Illustrated notes

Levels and vault maps discovered:
D:1:      saegor_arrival_simple_c, layout_loops_corners, roderic_lattice_a
D:2:      layout_rooms, hangedman_decor_push, minmay_misc_feat_pillars,
          uniq_robin, uniq_terence
D:3:      layout_basic, wad_orctagon
D:4:      layout_cave_pods, minmay_ruptured
D:5:      layout_basic, okawaru_metal_pillars_1_2, lemuel_temple_firewalk_b,
          gammafunk_ghost_abyssal_escape, serial_glass, glass_columns_a,
          glass_columns_a, item_on_display_a, minmay_strange_pillars,
          item_on_display_a, minmay_misc_feat_four_crosses, uniq_pikel
D:6:      layout_basic, tso_oasis_becter, uniq_crazy_yiuf_cottage, uniq_sigmund
D:7:      layout_loops_corners, lemuel_doored_altar, led_sif_pool,
          enter_bailey_8, uniq_maggie, uniq_maurice
Temple:   nicolae_temple_x_marks_the_god
Bailey:   bailey_axe_minmay_hex_keep, bailey

Skill      XL: |  1  2  3  4  5  6  7  8  9 10 |
---------------+-------------------------------+-----
Dodging        | 1 2 3 4 5 |  5.3
Armour         | 2 3 4 5 |  5.5
Polearms       | 1 2 3 4 5 |  5.1
Stealth        | 1 2 3 |  3.5
Spellcasting   | 1 2 3 |  3.2
Fighting       | 4 5 6 |  6.7
Axes           | 4 5 6 |  6.6
Evocations     | 1 2 |  2.5
Ice Magic      | 1 |  1.6
Shapeshifting  | 1 |  1.3

Action                     |  1- 3 |  4- 6 |  7- 9 | 10-12 || total
---------------------------+-------+-------+-------+-------++-------
  Melee: Hand axe          |    45 |   133 |   149 |    81 ||   408
         Dagger            |    36 |       |       |       ||    36
         Spear             |     4 |   148 |   157 |    82 ||   391
  Throw: Dart              |       |     1 |     1 |     3 ||     5
  Evoke: Wand              |       |       |     2 |    10 ||    12
    Use: Potion            |       |     4 |    12 |     6 ||    22
         Scroll            |       |     4 |     5 |    14 ||    23
   Stab: Paralysed         |       |     2 |       |       ||     2
         Invisible         |       |     1 |     5 |     1 ||     7
         Confused          |       |       |     2 |       ||     2
         Sleeping          |       |       |     2 |       ||     2
 Armour: Leather armour    |    24 |     3 |       |       ||    27
         Chain mail        |       |   127 |   177 |       ||   304
         Skin              |       |       |     7 |     1 ||     8
         Plate armour      |       |       |       |   123 ||   123
  Dodge: Dodged            |    33 |    53 |    65 |    39 ||   190

Table legend: (Time is in decaauts)
 A = Elapsed time spent in this place.
 B = Non-inter-level travel time spent in this place.
 C = Inter-level travel time spent in this place.
 D = Time resting spent in this place.
 E = Time spent auto-exploring this place.
 F = Levels seen in this place.
 G = Mean time per level.
                   A        B        C        D        E       F      G
               +--------+--------+--------+--------+--------+-----+--------+
         Total |   7255 |   6897 |    358 |    920 |   4587 |   9 |  806.1 |
       Dungeon |   6057 |   5699 |    358 |    278 |   4371 |   7 |  865.3 |
        Temple |      1 |      1 |      0 |      0 |      0 |   1 |    1.0 |
        Bailey |   1196 |   1196 |      0 |    642 |    216 |   1 | 1196.0 |
               +--------+--------+--------+--------+--------+-----+--------+

Top non-repeatable levels by time:
  Bailey: 1196 daAuts
     D:5: 1184 daAuts
     D:6: 1184 daAuts
     D:1: 999 daAuts
     D:4: 815 daAuts
     D:2: 753 daAuts
     D:3: 687 daAuts
     D:7: 432 daAuts
  Temple: 1 daAuts
